 Dungeon Crawl Stone Soup version 0.22.1-2-g9c5b331 (webtiles) character file.

40 Matador8 the Digger (level 3, -2/20 HPs)
             Began as a Gargoyle Earth Elementalist on Dec 19, 2018.
             Slain by Robin
             ... wielding a +0 mace
              (7 damage)
             ... on level 2 of the Dungeon.
             The game lasted 00:11:19 (1058 turns).

Matador8 the Digger (Gargoyle Earth Elementalist)   Turns: 1058, Time: 00:11:23

Health: -2/20      AC:  5    Str: 12    XL:     3   Next: 50%
Magic:  4/6        EV: 12    Int: 15    God:
Gold:   91         SH:  0    Dex: 10    Spells: 4/7 levels left

rFire    . . .     SeeInvis .   b - +0 dagger
rCold    . . .     Gourm    .   (no shield)
rNeg     + . .     Faith    .   c - +0 robe
rPois    ∞         Spirit   .   (no helmet)
rElec    +         Reflect  .   (no cloak)
rCorr    .         Harm     .   (no gloves)
MR       .....                  (no boots)
Stlth    ++........             (no amulet)
HPRegen  0.06/turn              (no ring)
MPRegen  0.10/turn              (no ring)

@: no status effects
A: negative energy resistance 1, electricity resistance, unbreathing,
petrification resistance, rot immunity, AC +3
a: no special abilities


You were on level 2 of the Dungeon.
You were not hungry.

You visited 1 branch of the dungeon, and saw 2 of its levels.

You collected 91 gold pieces.

Inventory:

Hand Weapons
 b - a +0 dagger (weapon)
Missiles
 a - 27 poisoned needles
 g - 2 stones (quivered)
Armour
 c - a +0 robe (worn)
Scrolls
 e - 3 scrolls of identify {unknown}
 h - a scroll of enchant weapon {unknown}
 i - a scroll of teleportation {unknown}
 k - a scroll of remove curse {unknown}
Potions
 j - a potion of might {unknown}
Comestibles
 d - 4 rations
 f - 6 chunks of flesh


   Skills:
 - Level 1.6 Fighting
 + Level 0.0 Short Blades
 - Level 1.5 Dodging
 - Level 2.1 Stealth
 - Level 0.2 Unarmed Combat
 + Level 2.5 Spellcasting
 - Level 0.7 Transmutations
 + Level 4.2 Earth Magic


You had 4 spell levels left.
You knew the following spells:

 Your Spells              Type           Power        Failure   Level  Hunger
a - Sandblast             Erth           ##....       3%          1    #......
b - Passwall              Tmut/Erth      #.......     12%         2    ###....

Your spell library contained the following spells:

 Spells                   Type           Power        Failure   Level  Hunger
 Stone Arrow              Conj/Erth      #.....       26%         3    ###....
 Petrify                  Tmut/Erth      #.......     58%         4    #####..
 Lee's Rapid Deconstruct  Erth           ##........   69%         5    ######.


Dungeon Overview and Level Annotations

Branches:
Dungeon (2/15)

Altars:

Annotations:
D:2 Robin


Innate Abilities, Weirdness & Mutations

You are resistant to torment.
Your stone body is resilient. (AC +3)
You are immune to poison.
You resist negative energy. (rN+)
You are resistant to electric shocks. (rElec)
You can survive without breathing.
You are immune to petrification.
You are immune to rotting.


Message History

Cast which spell? (? or * to list)
Aiming: Sandblast (safe; 3% risk of failure)
Press: ? - help, Shift-Dir - straight line, f - Robin
Aim: Robin, wielding a mace, wearing an animal skin and wearing a helmet The blast of sand hits Robin.
Robin is heavily wounded.
g - 3 stones The goblin barely misses you.
Robin hits you with a mace.
Casting: Sandblast (safe; 3% risk of failure)
Confirm with . or Enter, or press ? or * to list all spells.
Aiming: Sandblast (safe; 3% risk of failure)
Press: ? - help, Shift-Dir - straight line, f/p - Robin
Aim: Robin, wielding a mace, wearing an animal skin and wearing a helmet The blast of sand hits Robin.
Robin is severely wounded.
g - 2 stones The goblin hits you.
* * * LOW HITPOINT WARNING * * *
Robin hits you with a mace!
You die...

..............#
..............#
..............#
......#'#####.#
.#.#.##.# #.#
.#.#.##.# #.#
.#.#.##.# #.#
.#...##.# #.######
g.#..##.# #..g@gg#
#.#.....# ######g#
#g..##### #.# ##..#
#g#
##..##############.###
#.....g.....gg.......#
#.#..#################
#.#..#########
#.#.>........#


You could see Robin, 2 hobgoblins and a goblin.

Vanquished Creatures
  A gnoll (D:1)
  A leopard gecko (D:1)
  A ball python (D:2)
  3 bats (D:1)
  5 giant cockroaches
  4 goblins
  3 hobgoblins
  A kobold (D:1)
  4 frilled lizards (D:1)
  4 rats
27 creatures vanquished.

Notes
Turn   | Place    | Note
-------+----------+-------------------------------------------
     0 | D:1      | Matador8 the Gargoyle Earth Elementalist began the quest
                  | for the Orb.
     0 | D:1      | Reached XP level 1. HP: 10/10 MP: 3/3
   161 | D:1      | Reached XP level 2. HP: 4/16 MP: 5/5
   190 | D:1      | Learned a level 2 spell: Passwall
   201 | D:1      | Reached skill level 1 in Fighting
   361 | D:1      | Reached skill level 4 in Earth Magic
   430 | D:1      | Reached XP level 3. HP: 18/20 MP: 0/6
  1003 | D:2      | Noticed Robin
  1058 | D:2      | Slain by Robin

Skill      XL: |  1  2 |
---------------+-------+-----
Fighting       | 1 |  1.6
Earth Magic    | 4 |  4.2
Dodging        | |  1.5
Stealth        | |  2.1
Unarmed Combat | |  0.2
Spellcasting   | |  2.5
Transmutations | |  0.7

Action                   || total
-------------------------++-------
Melee: Unarmed           ||    33
       Dagger            ||    38
Throw: Stone             ||    38
 Cast: Sandblast         ||    22
 Stab: Sleeping          ||     1
  Eat: Chunk             ||     1
Armor: Robe              ||    44
Dodge: Dodged            ||    61
